 Dungeon Crawl Stone Soup version 0.28.0-53-g5a82cb258f (webtiles) character file.

Game seed: 3200713770015989820

154 DocClef the Firebug (level 5, -9/37 HPs)
             Began as a Gnoll Fire Elementalist on July 19, 2022.
             Killed by divine providence
             ... invoked by an orc priest
              (15 damage)
             ... on level 3 of the Dungeon.
             The game lasted 00:03:11 (2715 turns).

DocClef the Firebug (Gnoll Fire Elementalist)       Turns: 2715, Time: 00:03:11

Health: -9/37      AC:  2    Str:  7    XL:     5   Next: 35%
Magic:  6/12       EV: 13    Int: 17    God:
Gold:   112        SH:  0    Dex: 12    Spells: 5/14 levels left

rFire   . . .      SeeInvis .   h - +0 flail (holy)
rCold   . . .      Faith    .   (no shield)
rNeg    . . .      Spirit   .   a - +0 robe
rPois   .          Reflect  .   (no helmet)
rElec   .          Harm     .   (no cloak)
rCorr   .          Rampage  .   (no gloves)
Will    .....                   (no boots)
Stlth   +++.......              (no amulet)
HPRegen 0.12/turn               (no ring)
MPRegen 0.13/turn               (no ring)

@: no status effects
A: fangs 1, strong nose, distributed training
a: no special abilities


You were on level 3 of the Dungeon.
You visited 1 branch of the dungeon, and saw 4 of its levels.

You collected 112 gold pieces.

Inventory:

Hand Weapons
 d - a +0 short sword
 h - a +0 flail of holy wrath (weapon)
Missiles
 f - 5 javelins
Armour
 a - a +0 robe (worn)
Scrolls
 e - a scroll of fog {unknown}
 i - a scroll of identify {unknown}
Potions
 b - a potion of heal wounds {unknown}
 c - 2 potions of flight {unknown}
 g - a potion of attraction {unknown}
 j - a potion of cancellation {unknown}


   Skills:
 + Level 1.4 Fighting
 + Level 1.4 Short Blades
 + Level 1.4 Long Blades
 + Level 1.4 Axes
 + Level 1.4 Maces & Flails
 + Level 1.4 Polearms
 + Level 1.4 Staves
 + Level 1.4 Slings
 + Level 1.4 Bows
 + Level 1.4 Crossbows
 + Level 1.4 Throwing
 + Level 1.4 Armour
 + Level 4.8 Dodging
 + Level 4.4 Stealth
 + Level 1.4 Shields
 + Level 1.4 Unarmed Combat
 + Level 5.2 Spellcasting
 + Level 2.4 Conjurations
 + Level 1.1 Hexes
 + Level 1.1 Summonings
 + Level 1.1 Necromancy
 + Level 1.1 Translocations
 + Level 1.1 Transmutations
 + Level 5.5 Fire Magic
 + Level 1.1 Ice Magic
 + Level 1.1 Air Magic
 + Level 1.1 Earth Magic
 + Level 1.1 Poison Magic
 + Level 1.6 Invocations
 + Level 1.4 Evocations


You had 5 spell levels left.
You knew the following spells:

 Your Spells              Type           Power      Damage    Failure   Level
a - Foxfire               Conj/Fire      68%        2x1d7     2%          1
b - Scorch                Fire           46%        2d7       2%          2
c - Conjure Flame         Conj/Fire      17%        6-21      9%          3
d - Inner Flame           Hex/Fire       15%        N/A       11%         3

Your spell library contained the following spells:

 Spells                   Type           Power      Damage    Failure   Level
 Flame Wave               Conj/Fire      17%        2d6       26%         4


Dungeon Overview and Level Annotations

Branches:
Dungeon (4/15)
 Temple: D:4-7

Altars:
Ru


Innate Abilities, Weirdness & Mutations

You have very sharp teeth.
Your uncanny sense of smell can sniff out nearby items.
Your experience applies equally to all skills.


Message History

The foxfire hits the adder.
You kill the adder!
The foxfire hits the kobold but does no damage.
An orc priest comes into view. It is wielding a +0 club.
You conjure some foxfire!
You feel sick.
The foxfire hits the kobold.
The kobold is heavily wounded.
An orc wizard comes into view. It is wielding a +0 dagger.
The foxfire hits the kobold.
You kill the kobold!
Unknown command.
You conjure some foxfire!
You feel sick.
The orc priest looks encouraged for a moment.
You conjure some foxfire!
You feel sick.
You are no longer poisoned.
The foxfire hits the orc wizard!
The orc wizard is heavily wounded.
The foxfire hits the orc wizard.
The orc wizard is severely wounded.
Your foxfire dissipates!
The foxfire hits the orc wizard.
The orc wizard is almost dead.
The orc priest invokes the aid of Beogh against you.
Beogh smites you!
* * * LOW HITPOINT WARNING * * *
Your foxfire dissipates!
You climb upwards.
The quokka twitches its whiskers.
The quokka completely misses you.
The orc throws a boomerang.
The boomerang hits you.
* * * LOW HITPOINT WARNING * * *
The quokka barely misses you.
There is a stone staircase leading down, spattered with blood here.
The quokka bites you but does no damage.
The orc priest calls upon Beogh to heal the orc wizard.
The orc wizard's wounds heal themselves!
You see here a +0 kite shield.
The quokka barely misses you.
The orc priest invokes the aid of Beogh against you.
Beogh smites you!
You die...

...........# #.........#
...........# #.........#
...........# #.........#
...........# #.........#
...........# #..[......#
..........## #.........#
..........# ##...[.)..##
.#.###....# #.>..).....#
# #.######...@......#
##.###.#####..r........#
.........o..o..........#
.........o####.........#
.........o# #.........#
........oo####.........#
....)....o.............#
.........>.............#
......#................#


You could see an orc priest, an orc wizard, an orc and a quokka.

Vanquished Creatures
  An orc priest (D:2)
  6 adders
  A worm (D:2)
  3 dart slugs (D:1)
  7 orcs (D:3)
  7 endoplasms (D:2)
  3 giant cockroaches
  2 goblins
  2 hobgoblins (D:2)
  2 jackals (D:1)
  3 kobolds
  2 quokkas (D:1)
  8 ball pythons
  4 bats
  2 frilled lizards
  3 rats
56 creatures vanquished.

Vanquished Creatures (others)
  262 foxfires
262 creatures vanquished.

Grand Total: 318 creatures vanquished

Notes
Turn   | Place    | Note
-------+----------+-------------------------------------------
     0 | D:1      | DocClef the Gnoll Fire Elementalist began the quest for the
                  | Orb.
     0 | D:1      | Reached XP level 1. HP: 13/13 MP: 6/6
   312 | D:1      | Reached XP level 2. HP: 14/20 MP: 3/7
   712 | D:1      | Found a faded altar of an unknown god.
  1094 | D:2      | Found a sacrificial altar of Ru.
  1099 | D:2      | Reached XP level 3. HP: 25/25 MP: 3/9
  1190 | D:2      | Reached skill level 5 in Spellcasting
  1323 | D:2      | Reached skill level 1 in Invocations
  1508 | D:2      | Reached skill level 1 in Fighting
  1508 | D:2      | Reached skill level 1 in Short Blades
  1508 | D:2      | Reached skill level 1 in Long Blades
  1508 | D:2      | Reached skill level 1 in Axes
  1508 | D:2      | Reached skill level 1 in Maces & Flails
  1508 | D:2      | Reached skill level 1 in Polearms
  1508 | D:2      | Reached skill level 1 in Staves
  1508 | D:2      | Reached skill level 1 in Slings
  1508 | D:2      | Reached skill level 1 in Bows
  1508 | D:2      | Reached skill level 1 in Crossbows
  1508 | D:2      | Reached skill level 1 in Throwing
  1508 | D:2      | Reached skill level 1 in Armour
  1508 | D:2      | Reached skill level 1 in Shields
  1508 | D:2      | Reached skill level 1 in Unarmed Combat
  1508 | D:2      | Reached skill level 1 in Evocations
  1511 | D:2      | Learned a level 2 spell: Scorch
  1515 | D:2      | Learned a level 3 spell: Conjure Flame
  1519 | D:2      | Learned a level 3 spell: Inner Flame
  1655 | D:2      | Reached XP level 4. HP: 14/32 MP: 8/11
  1868 | D:2      | Reached skill level 1 in Hexes
  1868 | D:2      | Reached skill level 1 in Summonings
  1868 | D:2      | Reached skill level 1 in Necromancy
  1868 | D:2      | Reached skill level 1 in Translocations
  1868 | D:2      | Reached skill level 1 in Transmutations
  1868 | D:2      | Reached skill level 1 in Ice Magic
  1868 | D:2      | Reached skill level 1 in Air Magic
  1868 | D:2      | Reached skill level 1 in Earth Magic
  1868 | D:2      | Reached skill level 1 in Poison Magic
  2229 | D:2      | Reached XP level 5. HP: 37/37 MP: 9/12
  2715 | D:3      | Killed from afar by an orc priest

Illustrated notes

Levels and vault maps discovered:
D:1:      amcnicky_arrival_blooded_trapdoor, layout_loops_ring,
          hellmonk_ecumenical_altar_blasted, nrook_campfire,
          serial_bayou_crossing
D:2:      layout_basic, basic_altar, hangedman_decor_riveting, st_stairs_13,
          minmay_randomly_rotated_circles
D:3:      layout_rooms, nrook_mini_backslash
D:4:      layout_basic, minmay_temple_entry_drinking_statues,
          minmay_a_box_with_orc_wizards_in_it

Skill      XL: |  1  2  3  4 |
---------------+-------------+-----
Conjurations   | 2 |  2.4
Spellcasting   | 5 |  5.2
Invocations    | 1 |  1.6
Fighting       | 1 |  1.4
Short Blades   | 1 |  1.4
Long Blades    | 1 |  1.4
Axes           | 1 |  1.4
Maces & Flails | 1 |  1.4
Polearms       | 1 |  1.4
Staves         | 1 |  1.4
Slings         | 1 |  1.4
Bows           | 1 |  1.4
Crossbows      | 1 |  1.4
Throwing       | 1 |  1.4
Armour         | 1 |  1.4
Shields        | 1 |  1.4
Unarmed Combat | 1 |  1.4
Evocations     | 1 |  1.4
Hexes          | 1 |  1.1
Summonings     | 1 |  1.1
Necromancy     | 1 |  1.1
Translocations | 1 |  1.1
Transmutations | 1 |  1.1
Ice Magic      | 1 |  1.1
Air Magic      | 1 |  1.1
Earth Magic    | 1 |  1.1
Poison Magic   | 1 |  1.1
Dodging        | |  4.8
Stealth        | |  4.4
Fire Magic     | |  5.5

Action                   |  1- 3 |  4- 6 || total
-------------------------+-------+-------++-------
Melee: Unarmed           |     1 |       ||     1
       Short sword       |     2 |     2 ||     4
 Cast: Foxfire           |    83 |    61 ||   144
 Stab: Sleeping          |       |     1 ||     1
Armor: Robe              |       |     3 ||     3
Dodge: Dodged            |     4 |     8 ||    12
